 Dungeon Crawl Stone Soup version 0.28.0 (webtiles) character file.

Game seed: 6606168737881206300

2018 Sanktem7 the Carver (level 9, -15/79 HPs)
             Began as a Minotaur Fighter on Feb 9, 2022.
             Was an Initiate of Trog.
             Demolished by an ogre (20 damage)
             ... on level 7 of the Dungeon.
             The game lasted 00:15:54 (6149 turns).

Sanktem7 the Carver (Minotaur Fighter)              Turns: 6149, Time: 00:15:55

Health: -15/79     AC: 14    Str: 27    XL:     9   Next: 3%
Magic:  8/8        EV:  8    Int:  5    God:    Trog [......]
Gold:   335        SH:  4    Dex:  8    Spells: 8/8 levels left

rFire   + . .      SeeInvis .   f - +1 scimitar (holy)
rCold   . . .      Faith    .   c - +0 buckler
rNeg    . . .      Spirit   .   p - +1 chain mail
rPois   +          Reflect  .   (helmet restricted)
rElec   .          Harm     +   e - scarf {harm}
rCorr   .          Rampage  .   (no gloves)
Will    .....                   (no boots)
Stlth   ..........              x - amulet of the acrobat
HPRegen 0.23/turn               k - ring of poison resistance
MPRegen 0.11/turn               b - ring of protection from fire

@: no status effects
A: horns 2, retaliatory headbutt, iridescent scales 1, clumsy 1, strong 1
a: Renounce Religion


You were on level 7 of the Dungeon.
You worshipped Trog.
Trog was noncommittal.
You visited 1 branch of the dungeon, and saw 7 of its levels.

You collected 335 gold pieces.

Inventory:

Hand Weapons
 a - a +0 long sword
 f - a +1 scimitar of holy wrath (weapon)
Missiles
 i - 72 bolts
 m - 7 boomerangs (quivered)
 B - 3 silver boomerangs
Armour
 c - a +0 buckler (worn)
 e - a scarf of harm (worn)
 p - a +1 chain mail (worn)
Jewellery
 b - a ring of protection from fire (right hand)
 k - a ring of poison resistance (left hand)
 x - an amulet of the acrobat (around neck)
Wands
 j - a wand of flame (7)
 o - a wand of paralysis (10)
 s - a wand of iceblast (20)
 A - a wand of acid (8)
Scrolls
 g - a scroll of enchant armour
 n - 3 scrolls of fear
 v - 3 scrolls of teleportation
 w - a scroll of blinking
 y - a scroll of enchant weapon {unknown}
Potions
 d - a potion of might
 h - 2 potions of curing
 l - 2 potions of attraction
 q - 2 potions of brilliance
 r - a potion of invisibility {unknown}
 t - a potion of flight {unknown}
 u - a potion of mutation
 z - a potion of lignification {unknown}


   Skills:
 * Level 7.4 Fighting
 * Level 9.2 Long Blades
 + Level 2.0 Throwing
 * Level 8.8 Armour
 + Level 1.3 Dodging
 - Level 4.1 Shields


You had 8 spell levels left.
You didn't know any spells.
Your spell library contained the following spells:

 Spells                   Type           Power      Damage    Failure   Level
 Animate Skeleton         Necr           0%         N/A       97%         1
 Pain                     Necr           0%         1d4       97%         1
 Vampiric Draining        Necr           0%         2d6       100%        3
 Chain Lightning          Conj/Air       0%         N/A       100%        9
 Fire Storm               Conj/Fire      0%         5d1       100%        9
 Shatter                  Erth           0%         3d5*      100%        9


Dungeon Overview and Level Annotations

Branches:
Dungeon (7/15)             Temple (0/1) D:6

Altars:
Fedhas
Qazlal
Trog
Yredelemnul
Zin
The Shining One

Shops:
D:1 !

Annotations:
D:4 3 runed translucent doors, Clumpoid's ghost, amateur HOFi


Innate Abilities, Weirdness & Mutations

You have a pair of horns on your head.
You reflexively headbutt those who attack you in melee.
You are partially covered in iridescent scales. (AC +2)
You are clumsy. (Dex -2)
Your muscles are strong. (Str +2)


Message History

The orc wizard is severely wounded.
The orc wizard hits you with a +0 dagger.
The orc priest barely misses you. You furiously retaliate!
You headbutt the orc priest!
The ogre hits you with a +0 giant spiked club!
* * * LOW HITPOINT WARNING * * *
You slash the orc wizard!
You kill the orc wizard!
Trog accepts your kill.
Trog appreciates your killing of a magic user.
You block the orc priest's attack. The wyvern skeleton bites you.
* * * LOW HITPOINT WARNING * * *
You have reached level 9!
Your experience leads to an increase in your attributes!
Your base attributes are Str 23, Int 5, Dex 10.
Increase (S)trength, (I)ntelligence, or (D)exterity?
You feel stronger. x2
You slash the wyvern skeleton!
The wyvern skeleton convulses!
The wyvern skeleton is almost destroyed.
The ogre barely misses you. You furiously retaliate!
You headbutt the ogre. You block the wyvern skeleton's attack.
The orc priest closely misses you.
You hit the wyvern skeleton.
You destroy the wyvern skeleton!
Trog accepts your kill. The ogre barely misses you.
The orc priest mumbles some strange prayers to Beogh against you.
Pain shoots through your body!
* * * LOW HITPOINT WARNING * * *
You hit the ogre but do no damage.
The ogre is lightly wounded.
The orc priest hits you but does no damage.
You block the ogre's attack.
You hit the ogre.
The ogre is lightly wounded.
The orc priest closely misses you.
You slash the orc priest!
You kill the orc priest!
Trog accepts your kill.
The ogre hits you with a +0 giant spiked club!
You die...

##+######
#.......#
#.......#
#.......#
#?.......
+.......#
#.O.....#
#@).....#
#h#'#####
#.).#
###....
$.....
....O
#+###


You could see an ogre and a hound.

Vanquished Creatures
  Grinder (D:5)
  A sky beast (D:5)
  An orc warrior (D:6)
  2 black bears
  2 necrophages
  An ice beast (D:5)
  3 ogres
  2 centaurs
  A phantom (D:3)
  A scorpion (D:6)
  A wyvern skeleton (D:7)
  A water moccasin skeleton (D:5)
  A jelly (D:4)
  A hound (D:6)
  An orc priest (D:7)
  2 bullfrog skeletons
  A centaur skeleton (D:3)
  An iguana (D:5)
  4 orc wizards
  Natasha (twice) (D:2)
  2 hound skeletons (D:4)
  7 adders
  3 gnolls (D:5)
  A shadow imp (D:5)
  2 adder zombies (D:4)
  3 worms
  A dart slug (D:2)
  11 orcs
  4 ball pythons
  10 endoplasms
  A giant cockroach (D:2)
  6 goblins
  12 hobgoblins
  7 jackals
  4 kobolds
  3 quokkas
  4 bats
  5 frilled lizards
  3 rats
119 creatures vanquished.

Vanquished Creatures (others)
  2 plants
2 creatures vanquished.

Grand Total: 121 creatures vanquished

Notes
Turn   | Place    | Note
-------+----------+-------------------------------------------
     0 | D:1      | Sanktem7 the Minotaur Fighter began the quest for the Orb.
     0 | D:1      | Reached XP level 1. HP: 19/19 MP: 0/0
    60 | D:1      | Found Suiruhov's Distillery.
   240 | D:1      | Reached XP level 2. HP: 27/27 MP: 1/1
   595 | D:1      | Found a faded altar of an unknown god.
   766 | D:2      | Reached XP level 3. HP: 30/33 MP: 2/2
   910 | D:2      | Noticed Natasha
   917 | D:2      | Killed Natasha
  1131 | D:2      | Noticed Natasha
  1137 | D:2      | Killed Natasha
  1138 | D:2      | Reached skill level 3 in Long Blades
  1138 | D:2      | Reached XP level 4. HP: 41/41 MP: 3/3
  1646 | D:3      | Reached skill level 4 in Long Blades
  1655 | D:3      | Reached XP level 5. HP: 47/47 MP: 4/4
  1773 | D:3      | Noticed a phantom
  1784 | D:3      | Killed a phantom
  1785 | D:3      | Reached skill level 5 in Armour
  2020 | D:3      | Reached skill level 5 in Long Blades
  2867 | D:4      | Reached XP level 6. HP: 55/55 MP: 5/5
  2936 | D:4      | Reached skill level 5 in Fighting
  2936 | D:4      | Reached skill level 1 in Throwing
  3198 | D:4      | Found a runed translucent gate.
  3198 | D:4      | Found a runed translucent gate.
  3198 | D:4      | Found a runed translucent gate.
  3198 | D:4      | Noticed Clumpoid's ghost (amateur HOFi)
  3200 | D:4      | Found a basalt altar of Yredelemnul.
  3414 | D:4      | Found a bloodstained altar of Trog.
  3523 | D:4      | Reached skill level 6 in Long Blades
  3584 | D:4      | Reached XP level 7. HP: 58/61 MP: 6/6
  3798 | D:4      | Became a worshipper of Trog the Wrathful
  3859 | D:5      | Entered Level 5 of the Dungeon
  3859 | D:5      | Noticed Grinder
  3868 | D:5      | Reached skill level 7 in Long Blades
  3869 | D:5      | Paralysed by Grinder for 7 turns
  3888 | D:5      | Paralysed by Grinder for 4 turns
  3892 | D:5      | Killed Grinder
  4050 | D:5      | Found a stormy altar of Qazlal.
  4077 | D:5      | Reached XP level 8. HP: 18/70 MP: 7/7
  4363 | D:5      | Found a blossoming altar of Fedhas.
  4419 | D:5      | Found a glowing silver altar of Zin.
  4466 | D:5      | Identified a scroll of acquirement
  4466 | D:5      | Acquired a +1 scimitar of holy wrath
  4486 | D:5      | Reached skill level 8 in Long Blades
  4551 | D:5      | Reached skill level 1 in Dodging
  4830 | D:5      | Found a glowing golden altar of the Shining One.
  4912 | D:6      | Gained mutation: You are clumsy. (Dex -2) [potion of
                  | mutation]
  4912 | D:6      | Gained mutation: You are partially covered in iridescent
                  | scales. (AC +2) [potion of mutation]
  4912 | D:6      | Gained mutation: Your muscles are strong. (Str +2) [potion
                  | of mutation]
  5316 | D:6      | Reached skill level 9 in Long Blades
  5942 | D:6      | Found a staircase to the Ecumenical Temple.
  6145 | D:7      | Reached XP level 9. HP: 17/79 MP: 8/8
  6149 | D:7      | Demolished by an ogre

Illustrated notes

Levels and vault maps discovered:
D:1:      dpeg_arrival_stonehenge_12_columns, layout_loops_ring, serial_shops,
          shop, shapermc_ecumenical_altar_hornbeckon
D:2:      layout_loops_cross, uniq_natasha
D:3:      kb_forest_paths, layout_basic, hangedman_glass_teeth
D:4:      layout_gridville, nicolae_yredelemnul_ghost_church, trog_book,
          kennysheep_generic_room_3
D:5:      layout_rooms, grunt_qazlal_clouds, fedhas_altar_3, zin_academy,
          mainiacjoe_overflow_brackets, st_stairs_9, dk_vineyard_2, uniq_grinder
D:6:      layout_loops_corners, minmay_temple_entry_poolview,
          kennysheep_small_spiral
D:7:      layout_basic, guppyfry_early_elven_hall

Skill      XL: |  1  2  3  4  5  6  7  8 |
---------------+-------------------------+-----
Armour         | 4 5 6 8 |  8.8
Fighting       | 4 5 6 7 |  7.4
Shields        | 4 |  4.1
Long Blades    | 3 4 5 6 7 9 |  9.2
Throwing       | 1 2 |  2.0
Dodging        | 1 |  1.3

Action                   |  1- 3 |  4- 6 |  7- 9 || total
-------------------------+-------+-------+-------++-------
Melee: Long sword        |    56 |   121 |    44 ||   221
       Headbutt          |     4 |    18 |    18 ||    40
       Scimitar          |       |       |    80 ||    80
  Use: Scroll            |       |       |    12 ||    12
       Potion            |       |       |     1 ||     1
Armor: Scale mail        |    19 |    23 |       ||    42
       Skin              |     5 |       |       ||     5
       Chain mail        |       |    36 |    47 ||    83
Dodge: Dodged            |    15 |    43 |    60 ||   118
Block: Buckler           |     9 |    20 |    27 ||    56
